 Dungeon Crawl Stone Soup version 0.25-a0-890-g62861fb (webtiles) character file.

Game seed: 5590496267558813014, levelgen mode: deterministic

2411 Faca the Fighter (level 9, -5/76 HPs)
             Began as a Human Fighter on May 5, 2020.
             Was a Believer of Okawaru.
             Killed from afar by an electric eel (8 damage)
             ... with a bolt of electricity
             ... on level 6 of the Dungeon.
             The game lasted 00:14:54 (7665 turns).

Faca the Fighter (Human Fighter)                    Turns: 7665, Time: 00:14:55

Health: -5/76      AC: 11    Str: 17 (19) XL:     9   Next: 75%
Magic:  9/9        EV:  4    Int:  6 (8)  God:    Okawaru [**....]
Gold:   338        SH:  9    Dex: 11 (14) Spells: 8/8 levels left

rFire    . . .     SeeInvis .   a - +1 flail
rCold    . . .     Gourm    .   c - +1 kite shield
rNeg     . . .     Faith    .   r - +0 chain mail
rPois    .         Spirit   .   e - +0 helmet
rElec    .         Reflect  .   j - +0 cloak
rCorr    .         Harm     .   (no gloves)
MR       .....                  (no boots)
Stlth    ..........             (no amulet)
HPRegen  0.22/turn              (no ring)
MPRegen  0.11/turn              (no ring)

@: no status effects
A: no striking features
a: Heroism, Renounce Religion


You were on level 6 of the Dungeon.
You worshipped Okawaru.
Okawaru was pleased with you.
You were very hungry.

You visited 2 branches of the dungeon, and saw 8 of its levels.

You collected 338 gold pieces.

Inventory:

Hand Weapons
 a - a +1 flail (weapon)
 p - a +0 morningstar
Missiles
 h - 29 poisoned darts (quivered)
Armour
 c - a +1 kite shield (worn)
 e - a +0 helmet (worn)
 j - a +0 cloak (worn)
 r - a +0 chain mail (worn)
Jewellery
 o - an uncursed ring of fire
Wands
 g - a wand of polymorph (3)
Scrolls
 m - 2 scrolls of magic mapping
 n - 6 scrolls of remove curse
 s - a scroll of enchant armour
Potions
 b - 2 potions of lignification {unknown}
 d - a potion of might
 i - 2 potions of cancellation
 k - 2 potions of resistance {unknown}
 l - a potion of heal wounds {unknown}
 q - 2 potions of ambrosia
 t - a potion of degeneration
 u - a potion of curing
 w - 2 potions of invisibility
 z - 2 potions of haste
Comestibles
 f - 11 rations


   Skills:
 + Level 9.3 Fighting
 + Level 9.0 Maces & Flails
 - Level 3.0 Armour
 - Level 3.0 Shields


You had 8 spell levels left.
You didn't know any spells.
Your spell library contained the following spells:

 Spells                   Type           Power        Failure   Level  Hunger
 Corona                   Hex            #......      100%        1    ##.....
 Ensorcelled Hibernation  Hex/Ice        #.....       100%        2    ###....
 Confusing Touch          Hex            #.......     100%        3    ####...
 Dazzling Flash           Conj/Hex       #.....       100%        3    ####...
 Tukima's Dance           Hex            #.......     100%        3    ####...


Dungeon Overview and Level Annotations

Branches:
Dungeon (7/15)             Temple (1/1) D:6

Altars:
Ashenzari
Cheibriados
Dithmenos
Gozag
Hepliaklqana
Kikubaaqudgha
Makhleb
Okawaru
Qazlal
Ru
Sif Muna
Trog
Uskayaw
Vehumet
Wu Jian
Xom
Yredelemnul
Zin
The Shining One


Message History

Okawaru accepts your kill.
As you read the scroll of teleportation, it crumbles to dust.
You feel strangely unstable.
The big kobold hits you but does no damage.
Your surroundings suddenly seem different.
Found a glowing great mace.
The electric eel shoots out a bolt of lightning at you!
The bolt of electricity hits the plant! x2; The bolt of electricity hits you.
* * * LOW HITPOINT WARNING * * *
The electric eel shoots out a bolt of lightning at you!
The bolt of electricity hits the plant!
The bolt of electricity hits the plant.
The bolt of electricity hits you!
* * * LOW HITPOINT WARNING * * *
Okay, then.
It was a potion of degeneration.
There was something very wrong with that liquid.
You feel weakened.
You feel dopey.
You feel clumsy.
The electric eel shoots out a bolt of lightning at you!
The bolt of electricity hits the plant! x2; The bolt of electricity hits you!
You die...

..#....#♣
#...........
..#....#
#P≈.P≈......
..#.$..#
.PP≈P≈P..... ''#
#### PP≈≈≈P≈P...P
...
#######P≈≈≈≈≈PP....
...
#......P≈≈♣≈♣P≈....
#.....P≈≈≈♣♣≈≈P≈..P
#....PP≈♣♣P♣≈≈≈....
#.@..≈P♣PPPP≈♣♣PP..
#)##PP♣≈P;≈PP♣♣PP.P
#.


#PP≈≈P#PPP ≈PP.. #. P.≈≈.≈###P . #.#PP♣≈≈## # #..PP≈P.# #.≈PP≈PP# ## You could
see an electric eel.

Vanquished Creatures
  Grinder (D:3)
  A steam dragon (D:7)
  A sky beast (D:5)
  A phantom (D:5)
  An ice beast (D:6)
  4 ogres
  2 centaurs
  A bullfrog (D:6)
  3 scorpions
  3 howler monkeys
  2 crimson imps (D:6)
  A centaur zombie (D:6)
  3 hounds
  4 orc wizards (D:6)
  5 orc priests
  A bullfrog skeleton (D:4)
  A centaur skeleton (D:5)
  Ijyb (D:3)
  2 iguanas
  2 worker ants
  A hound zombie (D:5)
  A mummy (D:6)
  14 adders
  7 gnolls
  A shadow imp (D:6)
  An adder skeleton (D:5)
  4 worms
  3 dart slugs
  6 leopard geckos
  12 orcs
  2 ball pythons
  8 bats
  4 giant cockroaches
  6 goblins
  9 hobgoblins
  A jackal (D:2)
  11 kobolds
  2 quokkas
  4 frilled lizards
  4 jackal skeletons
  5 rats
146 creatures vanquished.

Notes
Turn   | Place    | Note
-------+----------+-------------------------------------------
     0 | D:1      | Faca the Human Fighter began the quest for the Orb.
     0 | D:1      | Reached XP level 1. HP: 18/18 MP: 1/1
   283 | D:1      | Reached XP level 2. HP: 24/24 MP: 2/2
   709 | D:1      | Reached XP level 3. HP: 18/29 MP: 3/3
  1223 | D:2      | Found a shimmering blue altar of Sif Muna.
  1564 | D:2      | Reached XP level 4. HP: 37/37 MP: 4/4
  2255 | D:2      | Reached XP level 5. HP: 42/42 MP: 5/5
  2651 | D:3      | Found a sacrificial altar of Ru.
  2703 | D:3      | HP: 2/43 [orc priest/divine providence (11)]
  3370 | D:3      | Noticed Ijyb
  3378 | D:3      | Paralysed by Ijyb for 6 turns
  3400 | D:3      | Paralysed by Ijyb for 3 turns
  3406 | D:3      | Paralysed by Ijyb for 3 turns
  3414 | D:3      | Paralysed by Ijyb for 3 turns
  3417 | D:3      | Killed Ijyb
  3417 | D:3      | Reached XP level 6. HP: 48/50 MP: 6/6
  3446 | D:3      | Found an ancient bone altar of Kikubaaqudgha.
  3559 | D:3      | Noticed Grinder
  3572 | D:3      | Killed Grinder
  3572 | D:3      | Reached skill level 5 in Fighting
  3572 | D:3      | Reached skill level 5 in Maces & Flails
  3572 | D:3      | Reached XP level 7. HP: 49/57 MP: 7/7
  3912 | D:4      | You fall into a shaft and drop 3 floors!
  3954 | D:6      | Found a staircase to the Ecumenical Temple.
  3963 | Temple   | Entered the Ecumenical Temple
  4113 | Temple   | Became a worshipper of Warmaster Okawaru
  4225 | D:6      | Reached XP level 8. HP: 30/65 MP: 8/8
  4228 | D:6      | Reached * piety under Okawaru
  4528 | D:6      | Reached ** piety under Okawaru
  5069 | D:5      | Entered Level 5 of the Dungeon
  5273 | D:4      | Reached XP level 9. HP: 74/74 MP: 9/9
  5295 | D:3      | Found a glowing silver altar of Zin.
  5349 | D:4      | You fall into a shaft and drop 3 floors!
  6694 | D:5      | Reached *** piety under Okawaru
  7663 | D:6      | HP: 2/76 [electric eel/bolt of electricity (8)]
  7665 | D:6      | Killed from afar by an electric eel

Levels and vault maps discovered:
D:1:      eino_arrival_cavern_a, layout_loops_ring, serial_co_window_serial,
          co_window_paths_a, co_window_paths_b, co_window_corner_a,
          co_window_paths_a, co_window_corner_a, co_window_of_opportunity_b,
          co_window_cross_3, co_window_paths_c, co_window_paths_c,
          co_window_broadway_c, co_window_paths_e
D:2:      minmay_razor_zed, layout_basic, lemuel_blue_sif_altar
D:3:      layout_basic, old_standard_altar, nicolae_overflow_hidden_temple,
          first_ration, uniq_grinder, uniq_ijyb
D:4:      layout_basic
D:5:      layout_loops_ring
D:6:      kennysheep_housing_project, layout_rooms,
          minmay_temple_entry_overgrown, serial_bayou, serial_bayou_lake_a,
          serial_bayou_pond_e, serial_bayou_crossing, serial_bayou_lagoon_a,
          serial_bayou_pond_b, serial_bayou_pond_b, gup_ossuary_entry_pyramid,
          kennysheep_generic_room_12, uniq_sigmund, uniq_crazy_yiuf_cottage
D:7:      layout_rooms, grunt_livestock
Temple:   regret_index_temple_sphere_string

Skill      XL: |  1  2  3  4  5  6  7  8  9 |
---------------+----------------------------+-----
Maces & Flails | 3 4 5 6 7 9 |  9.0
Fighting       | 4 5 6 8 9 |  9.3
Armour         | |  3.0
Shields        | |  3.0

Action                   |  1- 3 |  4- 6 |  7- 9 || total
-------------------------+-------+-------+-------++-------
Melee: Flail             |   101 |   191 |   406 ||   698
Throw: Dart              |       |     5 |       ||     5
  Use: Scroll            |     3 |     5 |     8 ||    16
       Potion            |       |     1 |     5 ||     6
  Eat: Chunk             |     2 |     4 |    12 ||    18
       Ration            |       |     1 |       ||     1
Armor: Scale mail        |    58 |    88 |    54 ||   200
       Chain mail        |       |       |   120 ||   120
Dodge: Dodged            |    28 |    71 |    79 ||   178
Block: Kite shield       |    46 |    93 |   196 ||   335

Table legend:
 A = Non-vault XP
 B = Vault XP
 C = Vault XP percentage of total XP
 D = Non-vault monster count
 E = Vault monster count
 F = Vault count percentage of total count
                 A         B        C        D         E       F
            +---------+---------+-------+---------+---------+-------
      Total |    2550 |     895 |  26.0 |     118 |      28 |  19.2
            +---------+---------+-------+---------+---------+-------
        D:1 |      36 |       0 |   0.0 |      19 |       0 |   0.0
        D:2 |      39 |      68 |  63.6 |      12 |      10 |  45.5
        D:3 |     128 |     331 |  72.1 |      25 |       2 |   7.4
        D:4 |     442 |       0 |   0.0 |      15 |       0 |   0.0
        D:5 |     833 |       0 |   0.0 |      22 |       0 |   0.0
        D:6 |     889 |     496 |  35.8 |      24 |      16 |  40.0
        D:7 |     183 |       0 |   0.0 |       1 |       0 |   0.0
            +---------+---------+-------+---------+---------+-------
